 Dungeon Crawl Stone Soup version 0.20-a0-970-gcd8f41e (webtiles) character file.

319 Murumi the Covert (level 6, -1/52 HPs)
             Began as a Naga Assassin on Apr 7, 2017.
             Slain by a wight
             ... wielding a +1 scimitar
              (7 damage)
             ... on level 6 of the Dungeon on Apr 8, 2017.
             The game lasted 00:16:03 (4542 turns).

Murumi the Covert (Naga Assassin)                   Turns: 4542, Time: 00:16:03

Health: -1/52      AC:  3    Str: 14    XL:     6   Next: 45%
Magic:  0/6        EV:  9    Int: 11    God:
Gold:   187        SH:  0    Dex: 14    Spells: 5/5 levels left

rFire    . . .     SeeInvis +   h - +1 dagger (speed)
rCold    . . .     Gourm    .   (no shield)
rNeg     . . .     Faith    .   c - +0 robe
rPois    +         Spirit   +   (no helmet)
rElec    .         Reflect  .   n - scarf {Spirit}
rCorr    .         Harm     .   (no gloves)
MR       .....                  (no barding)
Stlth    ++++......             (no amulet)
Regen    0.2/turn               o - ring of wizardry
MPRegen  0.1/turn               (no ring)

@: heavily drained, very slow
A: see invisible, deformed body, poison resistance, slowness 2, slow metabolism
1, spit poison 1, AC +2
a: Spit Poison


You were on level 6 of the Dungeon.
You were not hungry.

You visited 1 branch of the dungeon, and saw 4 of its levels.

You collected 187 gold pieces.

Inventory:

Hand Weapons
 b - a +0 blowgun
 h - a +1 dagger of speed (weapon)
Missiles
 e - 8 poisoned needles
 f - 2 curare-tipped needles
 l - 90 stones (quivered)
Armour
 c - a +0 robe (worn)
 n - a scarf of spirit shield (worn)
Jewellery
 o - a ring of wizardry (left hand)
Scrolls
 d - a scroll of teleportation
Potions
 i - 2 potions of agility
 k - a potion of resistance
 m - a potion of haste {unknown}
 q - a potion of heal wounds {unknown}
 r - a potion of curing {unknown}
 s - a potion of brilliance {unknown}
Comestibles
 a - 2 meat rations
 g - 2 bread rations
 j - 3 fruits


   Skills:
 - Level 2.0(0.7) Fighting
 - Level 2.0(0.7) Short Blades
 - Level 3.0(1.6) Throwing
 - Level 1.0(0.0) Dodging
 + Level 10.5(8.8) Stealth


You had 5 spell levels left.
You didn't know any spells.

Dungeon Overview and Level Annotations

Branches:
Dungeon (3/15)

Altars:
Gozag
Nemelex Xobeh
The Shining One


Innate Abilities, Weirdness & Mutations

You cannot wear boots.
Your serpentine skin is tough. (AC +2)
You have supernaturally acute eyesight. (SInv)
Armour fits poorly on your strangely shaped body.
Your system is resistant to poisons. (rPois)
You cover ground very slowly.
You have a slow metabolism.
You can spit poison.


Message History

You hit the wight.
The wight is heavily damaged.
You closely miss the wight.
The wight is heavily damaged.
The wight hits you with an enchanted scimitar!
You feel drained.
You hit the wight.
The wight is severely damaged.
You hit the wight but do no damage.
The wight is severely damaged.
The wight hits you with an enchanted scimitar!
* * * LOW HITPOINT WARNING * * *
You feel drained.
* * * LOW HITPOINT WARNING * * *
You barely miss the wight.
The wight is severely damaged.
You hit the wight.
The wight is severely damaged.
The wight hits you with an enchanted scimitar!
You die...

................#
...............#
..............+
..............#
...#....##....z
#....# z.. #....#
. #z...# #@...#
#....#
#.######!...#
#...[.##....#
#.###.##....# ##.
#.##....#
#....#.##)...#
..._..........#
#....####.....#


You could see a wight.

Vanquished Creatures
  The ghost of valenzione the Covered, an amateur MiFi (D:3)
  4 gnolls
  5 adders
  2 oozes
  2 worms
  4 dart slugs
  A leopard gecko (D:2)
  9 bats
  5 giant cockroaches
  9 goblins
  8 hobgoblins
  3 jackals
  A quokka (D:3)
  3 frilled lizards
  8 kobolds
  8 rats
73 creatures vanquished.

Notes
Turn   | Place    | Note
-------+----------+-------------------------------------------
     0 | D:1      | Murumi the Naga Assassin began the quest for the Orb.
     0 | D:1      | Reached XP level 1. HP: 19/19 MP: 1/1
    14 | D:1      | Reached skill level 6 in Stealth
    27 | D:1      | Reached skill level 1 in Dodging
    45 | D:1      | Reached XP level 2. HP: 12/26 MP: 2/2
   549 | D:1      | Reached XP level 3. HP: 9/32 MP: 3/3
  1566 | D:2      | Reached XP level 4. HP: 39/39 MP: 4/4
  1596 | D:1      | Reached skill level 7 in Stealth
  2433 | D:2      | Reached skill level 8 in Stealth
  2494 | D:2      | Reached XP level 5. HP: 41/45 MP: 5/5
  2980 | D:2      | Found a glowing golden altar of the Shining One.
  3530 | D:3      | Noticed valenzione's ghost (amateur MiFi)
  3665 | D:3      | Killed valenzione's ghost
  3665 | D:3      | Reached skill level 10 in Stealth
  3665 | D:3      | Reached XP level 6. HP: 18/52 MP: 2/6
  4186 | D:3      | Found a sparkling altar of Nemelex Xobeh.
  4187 | D:3      | Noticed a phantom
  4500 | D:3      | You fall through a shaft for 3 floors!
  4503 | D:6      | Found an opulent altar of Gozag.
  4542 | D:6      | Slain by a wight

Vault maps used:
D:1:      ncdulo_lavacross
D:2:      tso_altar, first_bread
D:3:      grunt_nemelex_the_gamble
D:6:      lemuel_slime, nicolae_overflow_crystal_walls, grunt_ministairs_14

Skill      XL: |  1  2  3  4  5 |
---------------+----------------+-----
Stealth        | 6 8 10 | 10.5
Dodging        | 1 |  1.0
Throwing       | 2 3 |  3.0
Fighting       | |  2.0
Short Blades   | |  2.0

Action                   |  1- 3 |  4- 6 || total
-------------------------+-------+-------++-------
Melee: Dagger            |   145 |   195 ||   340
Throw: Stone             |     3 |     4 ||     7
 Abil: Spit Poison       |    10 |    14 ||    24
  Use: Scroll            |     5 |     6 ||    11
       Potion            |       |     1 ||     1
 Stab: Sleeping          |     5 |     8 ||    13
       Distracted        |     1 |     1 ||     2
  Eat: Chunk             |     2 |     8 ||    10
Armor: Robe              |    41 |    36 ||    77
Dodge: Dodged            |    54 |    71 ||   125
